 Dungeon Crawl Stone Soup version 0.32-a0-913-g739538afd8 (webtiles) character file.

Game seed: 13450209097012859663

824 pokedragonboy the Covered (level 7, 0/60 HPs)
             Began as an Armataur Fighter on Apr 9, 2024.
             Slain by Menkaure (13 damage)
             ... on level 5 of the Dungeon.
             The game lasted 00:07:11 (3595 turns).

pokedragonboy the Covered (Armataur Fighter)        Turns: 3595, Time: 00:07:12

Health: 0/60       AC: 15    Str: 24    XL:     7   Next: 64%
Magic:  7/7        EV:  7    Int:  8    God:
Gold:   265        SH:  4    Dex:  9    Spells: 6/6 levels left

rFire   . . .        a - +0 war axe
rCold   . . .        c - +0 buckler
rNeg    . . .        v - +0 acid dragon scales
rPois   .            j - +0 helmet
rElec   .            l - +0 cloak
rCorr   +            h - +0 pair of gloves
SInv    .            (no barding)
Will    .....        (no amulet)
Stlth   +            w - ring of wizardry
HPRegen 0.30/turn    f - +4 ring of protection
MPRegen 0.10/turn

%: roll, wizardry (x1)
@: no status effects
A: large, deformed body, tough skin 3, armoured tail, rollpage 2
a: Convert to Beogh


You were on level 5 of the Dungeon.
You visited 2 branches of the dungeon, and saw 6 of its levels.

You collected 265 gold pieces.

Inventory:

Hand Weapons
 a - a +0 war axe (weapon)
Armour
 b - a +0 plate armour
 c - a +0 buckler (worn)
 h - a +0 pair of gloves (worn)
 j - a +0 helmet (worn)
 l - a +0 cloak (worn)
 n - +0 fire dragon scales
 v - +0 acid dragon scales (worn)
Jewellery
 f - a +4 ring of protection (right hand)
 w - a ring of wizardry (left hand)
Wands
 u - a wand of paralysis (4)
 x - a wand of flame (7)
Scrolls
 e - a scroll of enchant weapon {unknown}
 i - a scroll of teleportation
 k - a scroll of enchant armour {unknown}
 r - a scroll of noise {unknown}
Potions
 d - a potion of ambrosia
 g - 2 potions of degeneration
 o - 2 potions of attraction
 s - 4 potions of mutation
 t - a potion of berserk rage {unknown}


   Skills:
 + Level 4.7 Fighting
 * Level 5.3 Axes
 + Level 6.3 Armour
 - Level 3.2 Shields


You had 6 spell levels left.
You didn't know any spells.
Your spell library contained the following spells:

 Spells                   Type           Power      Damage    Failure   Level
 Lesser Beckoning         Tloc           0%         N/A       34%         2
 Maxwell's Portable Pile  Tloc           0%         2d(5-13)  56%         3
 Passwall                 Erth           0%         N/A       56%         3
 Teleport Other           Tloc           0%         N/A       56%         3
 Volatile Blastmotes      Fire/Tloc      0%         2d10      56%         3
 Animate Dead             Necr           0%         N/A       91%         4
 Passage of Golubria      Tloc           0%         N/A       91%         4
 Vhi's Electric Charge    Tloc/Air       0%         N/A       91%         4
 Silence                  Hex/Air        0%         N/A       99%         5
 Bombard                  Conj/Erth      0%         9d1       100%        6
 Haunt                    Necr/Summ      0%         N/A       100%        7
 Infestation              Necr           0%         N/A       100%        8
 Lehudib's Crystal Spear  Conj/Erth      0%         10d2      100%        8


Dungeon Overview and Level Annotations

Branches:
Dungeon (5/15)             Temple (1/1) D:4

Altars:
Ashenzari
Dithmenos
Elyvilon
Fedhas
Gozag
Hepliaklqana
Kikubaaqudgha
Makhleb
Nemelex Xobeh
Okawaru
Ru
Sif Muna
Trog
Uskayaw
Vehumet
Xom
Zin
The Shining One

Annotations:
D:4 1 runed translucent door, Crazy Yiuf
D:5 Menkaure


Innate Abilities, Weirdness & Mutations

Armour fits poorly on your strangely shaped body.
You have extremely tough skin. (AC +3)
You have a long armoured tail.
You regenerate magic and health when rolling toward enemies. (Rampage Regen)


Message History

You block Menkaure's attack.
Menkaure mumbles some strange words.
Menkaure seems to speed up.
There is an open door here.
You closely miss the orc. The orc hits you but does no damage.
You slash the orc!
You kill the orc!
An orc priest comes into view. It is wielding a +0 club.
The orc priest shouts!
You hit the orc.
Your tail-slap misses the orc.
The orc is heavily wounded.
The orc closely misses you.
The orc priest mumbles some strange prayers to Beogh against you.
Beogh smites you! The orc hits you with a +0 club.
The orc priest threatens, "Beogh's wrath is as vast as their mercy.
Make your choice!" (press Y on the ability menu to convert to Beogh)
Okay, then.
Okay, then.
You closely miss the orc.
Your tail-slap misses the orc.
The orc is heavily wounded.
Menkaure shouts, "Why can't you leave me to my rest?"
An orc comes into view. It is wielding a +0 whip.
The orc closely misses you.
You slash the orc!
You kill the orc!
The orc priest invokes the aid of Beogh against you.
Beogh smites you! Menkaure hits you but does no damage.
You barely miss Menkaure. Menkaure hits you.
The orc priest calls down the wrath of Beogh upon you.
Beogh smites you!
* * * LOW HITPOINT WARNING * * *
You slash Menkaure!
Menkaure is heavily damaged.
Menkaure hits you.
* * * LOW HITPOINT WARNING * * *
You block Menkaure's attack.
You barely miss Menkaure.
Menkaure is heavily damaged.
Menkaure hits you!
You die...

##....####.############*,*
#..#### #.#####......,,,*
#.## #...[......#***** ..#
#..........# ###
#..........# #
#.^....oo..# #
#.#####o#### #### #.# #M#
...# #.# #@# ##.#
#.#####.# #†# #.##....#
#.# #.##.#### #.# #.##.#
#.# #.##.# #.# #.##.# #.#
#....# #.# ######


You could see Menkaure (fast), an orc priest and 2 orcs.

Vanquished Creatures
  Eustachio (D:5)
  A sky beast (D:4)
  A phantom (D:5)
  Blork the orc (D:5)
  2 bombardier beetles
  2 hounds (D:5)
  A sleepcap (D:5)
  Jessica (D:3)
  2 iguanas (D:5)
  2 orc wizards
  Robin (D:2)
  A gnoll (D:1)
  3 adders (D:2)
  A white imp (D:4)
  6 dart slugs
  11 orcs
  12 endoplasms
  A giant cockroach (D:4)
  11 goblins
  12 hobgoblins
  2 jackals (D:4)
  A quokka (D:3)
  5 ball pythons
  8 bats
  4 frilled lizards
  6 kobolds
  7 rats
106 creatures vanquished.

Notes
Turn   | Place    | Note
-------+----------+-------------------------------------------
     0 | D:1      | pokedragonboy the Armataur Fighter began the quest for the
                  | Orb.
     0 | D:1      | Reached XP level 1. HP: 18/18 MP: 1/1
   100 | D:1      | Reached XP level 2. HP: 25/25 MP: 2/2
   164 | D:1      | Found a faded altar of an unknown god.
   449 | D:1      | Reached skill level 4 in Armour
   451 | D:1      | Reached XP level 3. HP: 28/31 MP: 3/3
   630 | D:2      | Noticed Robin
   640 | D:2      | Killed Robin
   641 | D:2      | Reached XP level 4. HP: 22/38 MP: 4/4
  1484 | D:3      | Identified the +1 ring mail of the Earth {Str+3}
  1541 | D:3      | Identified the +0 leather armour of Totur {rElec Slay+2}
  1624 | D:3      | Noticed Jessica
  1631 | D:3      | Killed Jessica
  1632 | D:3      | Reached XP level 5. HP: 29/45 MP: 5/5
  1858 | D:3      | Reached skill level 5 in Armour
  2035 | D:4      | Noticed a black bear
  2255 | D:4      | Reached XP level 6. HP: 52/52 MP: 6/6
  2388 | D:4      | Found a staircase to the Ecumenical Temple.
  2401 | Temple   | Entered the Ecumenical Temple
  2434 | D:4      | Noticed a sky beast
  2451 | D:4      | Killed a sky beast
  2818 | D:4      | Found a runed translucent door.
  2819 | D:4      | Noticed Crazy Yiuf
  2860 | D:5      | Entered Level 5 of the Dungeon
  2974 | D:5      | Noticed Eustachio
  3114 | D:5      | Noticed Blork the orc
  3125 | D:5      | Killed Blork the orc
  3126 | D:5      | Gained mutation: You regenerate magic and health when
                  | rolling toward enemies. (Rampage Regen) [Armataur growth]
  3126 | D:5      | Reached XP level 7. HP: 60/60 MP: 7/7
  3134 | D:5      | Killed Eustachio
  3135 | D:5      | Reached skill level 5 in Axes
  3135 | D:5      | Reached skill level 6 in Armour
  3329 | D:5      | Found a shimmering blue altar of Sif Muna.
  3335 | D:5      | Found a bloodstained altar of Trog.
  3578 | D:5      | Noticed Menkaure
  3595 | D:5      | Slain by Menkaure

Illustrated notes

Levels and vault maps discovered:
D:1:      tarquinn_simple_flora_water_c, layout_basic, basic_ecumenical_altar
D:2:      layout_loops_ring, uniq_robin
D:3:      layout_basic, uniq_jessica
D:4:      layout_cave_pools, minmay_temple_entry_trees, uniq_crazy_yiuf_cottage
D:5:      layout_basic, hellmonk_overflow_destroyed_library, uniq_blork_the_orc,
          uniq_menkaure, uniq_eustachio
Temple:   nicolae_temple_slightly_damp_pantheon

Skill      XL: |  1  2  3  4  5  6  7 |
---------------+----------------------+-----
Axes           | 2 3 4 5 |  5.3
Armour         | 4 5 6 |  6.3
Fighting       | 3 4 |  4.7
Shields        | |  3.2

Action                     |  1- 3 |  4- 6 |  7- 9 || total
---------------------------+-------+-------+-------++-------
  Melee: War axe           |    63 |   200 |    41 ||   304
         Tailslap          |     8 |    18 |     4 ||    30
    Use: Potion            |     1 |     3 |       ||     4
         Scroll            |       |     7 |       ||     7
 Armour: Scale mail        |    51 |    28 |       ||    79
         Fire dragon scale |       |    78 |       ||    78
         Acid dragon scale |       |    71 |    20 ||    91
         Skin              |       |    14 |     8 ||    22
  Dodge: Dodged            |    17 |    47 |    22 ||    86
  Block: Buckler           |    15 |    40 |     8 ||    63

Table legend: (Time is in decaauts)
 A = Elapsed time spent in this place.
 B = Non-inter-level travel time spent in this place.
 C = Inter-level travel time spent in this place.
 D = Time resting spent in this place.
 E = Time spent auto-exploring this place.
 F = Levels seen in this place.
 G = Mean time per level.
                   A        B        C        D        E       F      G
               +--------+--------+--------+--------+--------+-----+--------+
         Total |   3701 |   3508 |    193 |    211 |   2456 |   6 |  616.8 |
       Dungeon |   3700 |   3507 |    193 |    211 |   2456 |   5 |  740.0 |
        Temple |      1 |      1 |      0 |      0 |      0 |   1 |    1.0 |
               +--------+--------+--------+--------+--------+-----+--------+

Top non-repeatable levels by time:
     D:2: 847 daAuts
     D:3: 836 daAuts
     D:5: 731 daAuts
     D:4: 722 daAuts
     D:1: 562 daAuts
  Temple: 1 daAuts
